 Dungeon Crawl Stone Soup version 0.19.1-1-g22dce08 (webtiles) character file.

576 JeffiDaFish the Shield-Bearer (level 7, -5/43 HPs)
             Began as a Gargoyle Fighter on Jan 8, 2017.
             Was an Initiate of Makhleb.
             Slain by an ogre
             ... wielding a +0 giant spiked club
              (14 damage)
             ... on level 4 of the Dungeon.
             The game lasted 00:09:41 (2924 turns).

JeffiDaFish the Shield-Bearer (Gargoyle Fighter)    Turns: 2924, Time: 00:09:42

Health: -5/43      AC: 17    Str: 20    XL:     7   Next: 35%
Magic:  7/7        EV:  4    Int:  8    God:    Makhleb [......]
Gold:   98         SH: 11    Dex: 11    Spells: 0 memorised, 6 levels left

rFire  . . .     SeeInvis .     a - +0 flail
rCold  . . .     Gourm    .     g - +0 plate armour
rNeg   + . .     Faith    +     c - +1 shield
rPois  ∞         Spirit   .     (no helmet)
rElec  +         Reflect  .     (no cloak)
rCorr  .         Harm     .     (no gloves)
MR     .....                    (no boots)
Stlth  ..........               j - amulet of faith
                                (no ring)
                                (no ring)

@: no status effects
A: negative energy resistance 1, electricity resistance, unbreathing,
petrification resistance, rot immunity, AC +4
a: Renounce Religion


You were on level 4 of the Dungeon.
You worshipped Makhleb.
Makhleb was noncommittal.
You were not hungry.

You visited 1 branch of the dungeon, and saw 4 of its levels.

You collected 98 gold pieces.

Inventory:

Hand Weapons
 a - a +0 flail (weapon)
Armour
 c - a +1 shield (worn)
 g - a +0 plate armour (worn)
Jewellery
 j - an amulet of faith (around neck)
Scrolls
 i - 4 scrolls of remove curse
 l - 2 scrolls of identify
Comestibles
 b - a meat ration
 d - 7 chunks of flesh
 f - 3 bread rations
 h - a beef jerky
 k - 2 fruits
 m - a royal jelly


   Skills:
 + Level 4.2 Fighting
 + Level 5.0 Maces & Flails
 + Level 4.9 Armour
 + Level 0.4 Dodging
 + Level 0.2 Stealth
 + Level 5.5 Shields


You had 6 spell levels left.
You didn't know any spells.

Dungeon Overview and Level Annotations

Branches:
Dungeon (4/15)
 Temple: D:4-7

Altars:
Fedhas
Makhleb
Qazlal
Vehumet
Xom

Shops:
D:4 %(


Innate Abilities, Weirdness & Mutations

You are resistant to torment.
Your stone body is resilient. (AC +4)
You are immune to poison.
You resist negative energy. (rN+)
You are resistant to electric shocks. (rElec)
You can survive without breathing.
You are immune to petrification.
You are immune to rotting.


Message History

You destroy the centaur skeleton!
Makhleb accepts your kill. The hound bites you but does no damage.
You closely miss the hound. The hound bites you but does no damage.
You block the hound's attack.
Your shield and plate armour prevent you from hitting the hound.
You block the hound's attack. The hound bites you but does no damage.
You closely miss the hound. The hound barely misses you.
You block the hound's attack.
You thump the hound!
The hound is severely wounded.
The hound bites you but does no damage. You block the hound's attack.
You hit the hound.
You kill the hound!
Makhleb accepts your kill.
Your Maces & Flails skill increases to level 5!
You sock the ogre!
The ogre is severely wounded.
The ogre hits you with a giant spiked club!
You die...

#######.##.#.#
######.##.#.#####..
....................
.######....#.#####..
#.####.### $
#........# ##.
#.####.#.# #.## #.#
#.#.# #.. #.# #.#@#
#.# #.
#.#O###.######.
#.#............
#......)..##
#######.#.# #.# #
#.. #>.. ##...


You could see an ogre.

Vanquished Creatures
  The ghost of Morgon the Ruffian, an amateur TrWz (D:3)
  An ogre (D:4)
  A howler monkey (D:4)
  A crimson imp (D:4)
  An orc wizard (D:3)
  A hound (D:4)
  A centaur skeleton (D:4)
  2 orc priests (D:3)
  An iguana (D:4)
  A worker ant (D:4)
  5 adders
  4 oozes
  A dart slug (D:3)
  12 orcs
  A ball python (D:3)
  2 bats
  3 giant cockroaches
  12 hobgoblins
  3 jackals (D:1)
  2 quokkas
  4 frilled lizards
  5 goblins
  7 kobolds
  8 rats
80 creatures vanquished.

Notes
Turn   | Place    | Note
-------+----------+-------------------------------------------
     0 | D:1      | JeffiDaFish the Gargoyle Fighter began the quest for the Orb.
     0 | D:1      | Reached XP level 1. HP: 14/14 MP: 1/1
   152 | D:1      | Reached XP level 2. HP: 19/19 MP: 2/2
   361 | D:1      | Reached XP level 3. HP: 23/23 MP: 3/3
  1124 | D:2      | Reached XP level 4. HP: 21/29 MP: 4/4
  1375 | D:2      | Found a shimmering altar of Xom.
  1563 | D:3      | Noticed Morgon's ghost (amateur TrWz)
  1570 | D:3      | Killed Morgon's ghost
  1570 | D:3      | Reached XP level 5. HP: 29/33 MP: 5/5
  1851 | D:3      | Reached XP level 6. HP: 32/38 MP: 6/6
  2043 | D:3      | Found a stormy altar of Qazlal.
  2246 | D:3      | Found a blossoming altar of Fedhas.
  2524 | D:3      | Reached skill level 5 in Shields
  2772 | D:4      | Found Gyrisuk's Weapon Boutique.
  2784 | D:4      | Found Uphul's Food Shoppe.
  2798 | D:4      | Reached XP level 7. HP: 42/43 MP: 7/7
  2828 | D:4      | Found a burning altar of Makhleb.
  2829 | D:4      | Found a radiant altar of Vehumet.
  2858 | D:4      | Became a worshipper of Makhleb the Destroyer
  2923 | D:4      | Reached skill level 5 in Maces & Flails
  2924 | D:4      | Slain by an ogre

Skill      XL: |  1  2  3  4  5  6  7 |
---------------+----------------------+-----
Armour         | 4 |  4.9
Fighting       | 4 |  4.2
Maces & Flails | 3 4 5 |  5.0
Shields        | 4 5 |  5.5
Dodging        | |  0.4
Stealth        | |  0.2

Action                   |  1- 3 |  4- 6 |  7- 9 || total
-------------------------+-------+-------+-------++-------
Melee: Flail             |   137 |   203 |    52 ||   392
  Use: Scroll            |     5 |     2 |       ||     7
       Potion            |     1 |     4 |       ||     5
  Eat: Chunk             |     1 |     6 |       ||     7
Armor: Scale mail        |    72 |       |       ||    72
       Chain mail        |    59 |    16 |       ||    75
       Plate armour      |       |   134 |    37 ||   171
Dodge: Dodged            |    57 |    39 |     7 ||   103
Block: Shield            |   105 |   149 |    32 ||   286
